 Dungeon Crawl Stone Soup version 0.20-a0-1089-g3fde505 (webtiles) character file.

5040 Alarkh the Cleaver (level 10, -15/72 HPs)
             Began as a Demonspawn Skald on May 2, 2017.
             Was a Priest of Okawaru.
             Demolished by a two-headed ogre
             ... wielding a +0 giant club
              (25 damage)
             ... on level 9 of the Dungeon.
             The game lasted 00:15:28 (11008 turns).

Alarkh the Cleaver (Demonspawn Skald)              Turns: 11008, Time: 00:15:28

Health: -15/72     AC: 13    Str: 12    XL:     10   Next: 30%
Magic:  15/16      EV: 15    Int: 17    God:    Okawaru [***...]
Gold:   206        SH:  0    Dex: 13    Spells: 10/17 levels left

rFire    + . .     SeeInvis .   D - +0 war axe
rCold    . . .     Gourm    .   (no shield)
rNeg     + . .     Faith    .   E - +0 ring mail {rF+}
rPois    .         Spirit   .   H - +1 hat
rElec    .         Reflect  .   (no cloak)
rCorr    .         Harm     .   (no gloves)
MR       .....                  (boots unavailable)
Stlth    +.........             r - amulet of regeneration
Regen    0.7/turn               j - ring of positive energy
MPRegen  0.2/turn               N - +3 ring of evasion

@: sanguine armour
A: hooves 3, deformed body, demonic guardian 1, mutation resistance 1,
nightstalker 1, sanguine armour 2
a: Heroism, Renounce Religion


You were on level 9 of the Dungeon.
You worshipped Okawaru.
Okawaru was most pleased with you.
You were not hungry.

You visited 2 branches of the dungeon, and saw 10 of its levels.
You also visited: Ossuary.

You collected 377 gold pieces.
You spent 171 gold pieces at shops.

Inventory:

Hand Weapons
 a - a +0 hand axe
 D - a +0 war axe (weapon)
Armour
 b - a +0 leather armour
 h - a +1 helmet
 E - a +0 ring mail of fire resistance (worn)
 H - a +1 hat (worn)
Jewellery
 j - a ring of positive energy (left hand)
 n - an uncursed ring of teleportation
 r - an amulet of regeneration (around neck)
 t - a +2 ring of dexterity
 x - an uncursed amulet of harm
 y - a +3 amulet of reflection
 N - a +3 ring of evasion (right hand)
 O - an uncursed amulet of magic regeneration
Wands
 w - a wand of clouds (2/9)
 I - a wand of lightning (9/15)
Scrolls
 e - a scroll of identify
 f - 5 scrolls of teleportation
 g - a scroll of recharging
 m - a scroll of enchant armour
 s - 3 scrolls of fear
 v - 5 scrolls of remove curse
 F - 4 scrolls of immolation {unknown}
 J - a scroll of enchant weapon {unknown}
 L - a scroll of vulnerability {unknown}
 P - 2 scrolls of noise {unknown}
 Q - a scroll of holy word {unknown}
 S - a scroll of magic mapping {unknown}
 U - a scroll of brand weapon {unknown}
Potions
 i - 5 potions of berserk rage
 l - 2 potions of might
 o - 4 potions of flight {unknown}
 p - 3 potions of invisibility {unknown}
 q - 4 potions of heal wounds {unknown}
 u - 3 potions of ambrosia {unknown}
 z - 3 potions of haste {unknown}
 A - a potion of brilliance {unknown}
 G - a potion of lignification {unknown}
 K - a potion of curing {unknown}
 M - 2 potions of degeneration {unknown}
 R - 3 potions of agility {unknown}
 T - a potion of cancellation {unknown}
Books
 c - a book of Battle

   Spells                             Type                      Level
   a - Infusion                       Charms                       1
   b - Shroud of Golubria             Charms/Translocation         2
   c - Song of Slaying                Charms                       2
   d - Spectral Weapon                Hexes/Charms                 3
   e - Regeneration                   Charms/Necromancy            3
Comestibles
 d - 7 bread rations
 k - 6 meat rations
 B - 2 royal jellies
 C - 4 fruits
 V - 5 chunks of flesh


   Skills:
 + Level 4.3 Fighting
 * Level 11.1 Axes
 + Level 3.7 Armour
 + Level 4.2 Dodging
 + Level 4.2 Spellcasting
 + Level 4.6 Charms
 + Level 0.0 Invocations


You had 10 spell levels left.
You knew the following spells:

 Your Spells              Type           Power        Failure   Level  Hunger
a - Infusion              Chrm           ###.         4%          1    None
b - Regeneration          Chrm/Necr      ##........   36%         3    ###....
c - Spectral Weapon       Hex/Chrm       ##......     36%         3    ###....


Dungeon Overview and Level Annotations

Branches:
Dungeon (9/15)             Temple (1/1) D:6            Lair (0/6) D:8
    Orc: D:9-12

Altars:
Ashenzari
Cheibriados
Dithmenos
Elyvilon
Fedhas
Gozag
Hepliaklqana
Kikubaaqudgha
Makhleb
Nemelex Xobeh
Okawaru
Qazlal
Ru
Sif Muna
Trog
Uskayaw
Vehumet
Wu Jian
Xom
Yredelemnul
Zin
The Shining One

Shops:
D:6 *


Innate Abilities, Weirdness & Mutations

You have hooves in place of feet.
A weak demonic guardian rushes to your aid.
You are slightly more attuned to the shadows.
When seriously injured, your bleeding wounds create thick armour. (AC +9)
Armour fits poorly on your strangely shaped body.
You are somewhat resistant to further mutation.


Message History

The two-headed ogre is lightly wounded.
You hit the two-headed ogre. You kick the two-headed ogre.
The two-headed ogre is moderately wounded.
The two-headed ogre hits you with a giant club.
The two-headed ogre hits you with a dire flail.
You hit the two-headed ogre.
The two-headed ogre is moderately wounded.
The two-headed ogre hits you with a giant club.
* * * LOW HITPOINT WARNING * * *
The two-headed ogre closely misses you.
You hit the two-headed ogre. You kick the two-headed ogre.
The two-headed ogre is moderately wounded.
You barely miss the two-headed ogre.
The two-headed ogre is moderately wounded.
The two-headed ogre hits you with a giant club!
* * * LOW HITPOINT WARNING * * *
The two-headed ogre barely misses you.
You feel like a meek peon again.
The two-headed ogre hits you with a giant club!!
You die...

##...................# #.#
######(....###.###...#####.#
..##..#...#..##............#
..#(([#...#...#............#
..#<.##...##.>##############
..####.....####..........
..##.....................
..##.....................
..##............@........
..##.............O.......
..##########....##[######
..##########....#........
....(...........#........
.....(...[......#........
......(..)......#........
................#........
#################?.......


You could see a two-headed ogre.

Vanquished Creatures
  An unseen horror (D:9)
  The ghost of Paps the Covert, an amateur OpAs (D:3)
  A hippogriff (D:7)
  2 wyverns
  2 vampire mosquitoes (D:9)
  2 orc warriors
  A black bear (D:7)
  An ice beast (D:7)
  2 sky beasts
  2 ogres
  3 phantoms
  A centaur (D:9)
  3 bullfrogs
  A water moccasin zombie (D:6)
  2 scorpions
  4 crimson imps
  4 hounds
  3 centaur skeletons
  6 orc priests
  4 bullfrog zombies
  3 bullfrog skeletons
  Natasha (thrice) (D:2)
  8 orc wizards
  4 worker ants
  A hound skeleton (D:6)
  14 mummies
  3 howler monkey zombies
  2 worker ant zombies (Ossuary)
  5 adders
  An ooze (D:1)
  5 adder zombies (Ossuary)
  3 worms
  4 dart slugs
  3 leopard geckos
  29 orcs
  2 ball pythons
  4 giant cockroaches
  5 hobgoblins
  7 jackals
  6 kobolds
  3 bats
  5 frilled lizards
  A giant cockroach zombie (D:5)
  8 goblins
  2 hobgoblin zombies (D:8)
  2 jackal zombies (Ossuary)
  A leopard gecko skeleton (D:4)
  2 leopard gecko zombies (Ossuary)
  A quokka zombie (Ossuary)
  6 rats
189 creatures vanquished.

Vanquished Creatures (collateral kills)
  A troll (D:9)
  Grinder (D:3)
  A vampire mosquito (D:9)
  An ice beast (D:6)
  A sky beast (D:8)
  An ogre (D:5)
  A bullfrog (D:8)
  A crimson imp (D:5)
  A jelly (D:9)
  4 orc wizards
  A shadow imp (D:5)
  9 orcs
23 creatures vanquished.

Vanquished Creatures (others)
  A spectral weapon (D:5)
  A withered plant (Ossuary)
2 creatures vanquished.

Grand Total: 214 creatures vanquished

Notes
Turn   | Place    | Note
-------+----------+-------------------------------------------
     0 | D:1      | Alarkh the Demonspawn Skald began the quest for the Orb.
     0 | D:1      | Reached XP level 1. HP: 16/16 MP: 3/3
    12 | D:1      | Reached skill level 2 in Axes
   220 | D:1      | Gained mutation: You are slightly more attuned to the shadows. [demonic ancestry]
   220 | D:1      | Reached XP level 2. HP: 16/22 MP: 5/5
  1144 | D:1      | Reached skill level 3 in Axes
  1338 | D:2      | Gained mutation: When seriously injured, your bleeding wounds create armour. (AC +9) [demonic ancestry]
  1338 | D:2      | Reached XP level 3. HP: 12/27 MP: 1/6
  2016 | D:2      | Noticed Natasha
  2586 | D:3      | Noticed Paps's ghost (amateur OpAs)
  2605 | D:3      | Learned a level 3 spell: Regeneration
  2720 | D:3      | Gained mutation: A weak demonic guardian rushes to your aid. [demonic ancestry]
  2720 | D:3      | Reached XP level 4. HP: 33/33 MP: 7/7
  2752 | D:3      | Killed Paps's ghost
  2752 | D:3      | Reached skill level 5 in Axes
  2752 | D:3      | Gained mutation: You have large cloven feet. [demonic ancestry]
  2752 | D:3      | Reached XP level 5. HP: 29/38 MP: 1/8
  2859 | D:3      | Noticed Grinder
  2889 | D:3      | Killed Grinder
  2889 | D:3      | Reached skill level 6 in Axes
  2889 | D:3      | Gained mutation: You have hoof-like feet. [demonic ancestry]
  2889 | D:3      | Reached XP level 6. HP: 23/44 MP: 2/9
  3173 | D:3      | Found a faded altar of an unknown god.
  3301 | D:3      | Found an ornate altar of the Wu Jian Council.
  3365 | D:3      | Found a sparkling altar of Nemelex Xobeh.
  3735 | D:2      | Killed Natasha
  3823 | D:2      | Noticed Natasha
  3832 | D:2      | Killed Natasha
  4020 | D:2      | Noticed Natasha
  4027 | D:2      | Killed Natasha
  4429 | D:4      | Reached skill level 7 in Axes
  4429 | D:4      | Gained mutation: When seriously injured, your bleeding wounds create thick armour. (AC +9) [demonic ancestry]
  4429 | D:4      | Reached XP level 7. HP: 50/50 MP: 10/10
  4602 | D:4      | Found a hide-covered altar of Uskayaw.
  5142 | D:4      | Reached skill level 8 in Axes
  5226 | D:4      | Found a shadowy altar of Dithmenos.
  5684 | D:5      | Entered Level 5 of the Dungeon
  5836 | D:5      | Found a sacrificial altar of Ru.
  5897 | D:5      | Reached XP level 8. HP: 42/56 MP: 9/11
  5969 | D:5      | Reached skill level 9 in Axes
  6604 | D:4      | Learned a level 3 spell: Spectral Weapon
  6613 | D:5      | Reached skill level 10 in Axes
  6817 | D:6      | Reached skill level 1 in Armour
  6913 | D:6      | Found Ymnov's Assorted Antiques.
  6917 | D:6      | Bought a lumpy white potion for 26 gold pieces
  6917 | D:6      | Bought a glowing silver wand for 116 gold pieces
  6917 | D:6      | Bought a scroll labeled COLLUAPSAT for 29 gold pieces
  7310 | D:6      | Paralysed by fainting for 11 turns
  7424 | D:6      | Reached XP level 9. HP: 54/62 MP: 8/12
  7448 | D:6      | Found a staircase to the Ecumenical Temple.
  7475 | Temple   | Entered the Ecumenical Temple
  7652 | Temple   | Became a worshipper of Warmaster Okawaru
  7840 | D:7      | Found a white marble altar of Elyvilon.
  8112 | D:7      | Found a glowing silver altar of Zin.
  8141 | D:7      | Found a blossoming altar of Fedhas.
  8265 | D:7      | Reached * piety under Okawaru
  8372 | D:7      | Found a snail-covered altar of Cheibriados.
  8375 | D:7      | Found a radiant altar of Vehumet.
  8378 | D:7      | Found a shimmering altar of Xom.
  9129 | D:8      | Gained mutation: Armour fits poorly on your strangely shaped body. [mutagenic meat]
  9130 | D:8      | Gained mutation: You are somewhat resistant to further mutation. [mutagenic meat]
  9272 | D:8      | Found a sand-covered staircase.
  9342 | Ossuary  | Entered an ossuary
  9881 | D:8      | Found a staircase to the Lair.
  9978 | D:8      | Reached ** piety under Okawaru
 10453 | D:9      | Killed an unseen horror
 10453 | D:9      | Reached skill level 11 in Axes
 10453 | D:9      | Gained mutation: You have hooves in place of feet. [demonic ancestry]
 10453 | D:9      | Reached XP level 10. HP: 20/71 MP: 15/15
 10702 | D:9      | Reached *** piety under Okawaru
 10719 | D:9      | HP: 3/72 [vampire mosquito (10)]
 10980 | D:9      | Noticed a two-headed ogre
 11008 | D:9      | Demolished by a two-headed ogre

Vault maps used:
D:1:      eino_arrival_tree_alley
D:2:      uniq_natasha
D:3:      lemuel_coloured_pillars_altar, old_standard_altar,
          chequers_ecumenical_altar_twisty, serial_curves, eino_curves_02,
          eino_curves_01, eino_curves_01, uniq_grinder
D:4:      kennysheep_mini, grunt_dithmenos_smoke_and_mirrors
D:5:      kennysheep_mini_moat, first_bread
D:6:      minmay_temple_entry_grid, serial_shops, nicolae_shop_trees
D:7:      fedhas_altar_fruit_tree, overflow_temple_1_default,
          grunt_temple_overflow_diamond, zin_academy
D:8:      lair_entry_dummy, nicolae_ossuary_entry_giza
D:9:      hangedman_pestilent_swarm, grunt_ministairs_6,
          nrook_guardian_serpent_double, uniq_erica, uniq_maurice
Temple:   minmay_temple_bridge_abc
Ossuary:  ossuary_zaba_flooded

Skill      XL: |  1  2  3  4  5  6  7  8  9 10 |
---------------+-------------------------------+-----
Axes           | 2 3 5 6 7 8 10 11 | 11.1
Armour         | 1 3 |  3.7
Dodging        | 2 3 4 |  4.2
Charms         | 3 4 |  4.6
Fighting       | 4 |  4.3
Spellcasting   | 3 4 |  4.2

Action                   |  1- 3 |  4- 6 |  7- 9 | 10-12 || total
-------------------------+-------+-------+-------+-------++-------
Melee: Hand axe          |   139 |    88 |    85 |       ||   312
       Kick              |       |    18 |   156 |    23 ||   197
       War axe           |       |       |   517 |    63 ||   580
 Cast: Infusion          |     7 |     6 |    28 |       ||    41
       Spectral Weapon   |       |       |     1 |       ||     1
Invok: Heroism           |       |       |     1 |     2 ||     3
Evoke: Wand              |       |       |     2 |     1 ||     3
  Use: Scroll            |     3 |     1 |     5 |       ||     9
       Potion            |       |       |     1 |       ||     1
 Stab: Distracted        |       |     2 |     3 |     1 ||     6
       Sleeping          |       |     4 |     5 |       ||     9
  Eat: Chunk             |     6 |     5 |    24 |     2 ||    37
       Fruit             |       |       |     2 |       ||     2
Armor: Leather armour    |    31 |    23 |    55 |       ||   109
       Ring mail         |       |       |   145 |    21 ||   166
Dodge: Dodged            |    73 |    39 |   304 |    54 ||   470
Block: Other             |       |     8 |       |       ||     8
